 Dungeon Crawl Stone Soup version 0.22-a0-135-g6f012ad (webtiles) character file.

30 Azzok the Vexing (level 3, 0/19 HPs)
             Began as a Deep Elf Enchanter on Feb 1, 2018.
             Succumbed to an adder's poison
             ... on level 2 of the Dungeon.
             The game lasted 00:02:40 (1315 turns).

Azzok the Vexing (Deep Elf Enchanter)               Turns: 1315, Time: 00:02:41

Health: 0/19       AC:  2    Str:  5    XL:     3   Next: 5%
Magic:  2/9        EV: 13    Int: 20    God:
Gold:   57         SH:  0    Dex: 15    Spells: 2/8 levels left

rFire    . . .     SeeInvis .   a - +1 dagger
rCold    . . .     Gourm    .   (no shield)
rNeg     . . .     Faith    .   b - +0 robe
rPois    .         Spirit   .   (no helmet)
rElec    .         Reflect  .   (no cloak)
rCorr    +         Harm     .   (no gloves)
MR       .....                  (no boots)
Stlth    +++.......             (no amulet)
HPRegen  0.06/turn              o - ring of resist corrosion
MPRegen  0.11/turn              (no ring)

@: lethally poisoned (0 -> -7)
A: no striking features
a: no special abilities


You were on level 2 of the Dungeon.
You were not hungry.

You visited 1 branch of the dungeon, and saw 2 of its levels.

You collected 57 gold pieces.

Inventory:

Hand Weapons
 a - a +1 dagger (weapon)
Armour
 b - a +0 robe (worn)
 e - a +2 buckler
Jewellery
 o - a ring of resist corrosion (left hand)
Scrolls
 f - a scroll of remove curse {unknown}
 g - a scroll of identify {unknown}
 h - a scroll of noise {unknown}
 i - a scroll of fear {unknown}
 j - a scroll of blinking {unknown}
 l - a scroll of enchant weapon {unknown}
Potions
 k - a potion of invisibility {unknown}
 m - a potion of heal wounds {unknown}
Books
 c - a book of Maledictions

   Spells                             Type                      Level
   a - Corona                         Hexes                        1
   b - Ensorcelled Hibernation        Hexes/Ice                    2
   c - Confuse                        Hexes                        3
   d - Tukima's Dance                 Hexes                        3
   e - Dazzling Spray                 Conjuration/Hexes            3
Comestibles
 d - 3 rations
 n - a chunk of flesh


   Skills:
 * Level 2.1 Short Blades
 - Level 2.4 Dodging
 + Level 4.0 Stealth
 + Level 0.6 Shields
 - Level 3.0 Spellcasting
 + Level 4.3 Hexes


You had 2 spell levels left.
You knew the following spells:

 Your Spells              Type           Power        Failure   Level  Hunger
a - Corona                Hex            ###....      2%          1    None
b - Ensorcelled Hibernat  Hex/Ice        ##....       9%          2    ##.....
c - Confuse               Hex            ###.....     7%          3    ###....


Dungeon Overview and Level Annotations

Branches:
Dungeon (2/15)

Altars:


Message History

* * * LOW HITPOINT WARNING * * *
You feel sick.
The adder stops glowing.
* * * LOW HITPOINT WARNING * * *
You feel sick.
* * * LOW HITPOINT WARNING * * *
You feel sick.
You hit the bat.
The bat is heavily wounded.
* * * LOW HITPOINT WARNING * * *
You feel sick. The bat hits you but does no damage. The bat closely misses you.
You closely miss the bat.
The bat is heavily wounded.
The bat closely misses you. The bat misses you.
You hit the bat but do no damage.
The bat is heavily wounded.
The bat closely misses you. x2
You barely miss the bat.
The bat is heavily wounded.
You die...

▒▒▒·····>·▒····▒
▒·▒▒▒▒▒······▒▒▒▒▒ ·▒ ▒·▒
▒······?·· ▒·▒ ▒·▒
▒··▒%···▒▒ ▒·▒ ▒·▒ ▒▒··▒
▒▒·▒ ▒▒▒·▒ ▒▒▒▒▒·▒ ▒▒···▒
····▒ ▒···▒·▒▒▒▒▒··▒▒▒
····▒ ▒·▒··········S▒
····▒▒ ▒·▒▒▒@▒▒▒▒·▒···▒
·····▒▒▒▒▒▒▒·▒ ▒b▒
▒·▒·▒····
·······†··▒▒·▒▒▒·▒
▒·▒·▒▒▒···
···▒▒············▒▒▒▒·▒·▒
▒▒▒
<··▒▒▒▒▒▒···········▒···▒
···▒ ▒········▒▒····▒▒
···▒ ▒········▒▒··▒·▒ ▒
▒▒▒▒ ▒··▒▒▒▒▒▒·▒··· ·▒··
▒·▒▒ ▒·▒·▒ ····▒


You could see a bat.

Vanquished Creatures
  An adder (D:2)
  A worm (D:2)
  A leopard gecko (D:1)
  A ball python (D:1)
  A bat (D:2)
  A giant cockroach (D:1)
  3 goblins (D:1)
  3 hobgoblins
  2 kobolds
  2 rats (D:1)
16 creatures vanquished.

Notes
Turn   | Place    | Note
-------+----------+-------------------------------------------
     0 | D:1      | Azzok the Deep Elf Enchanter began the quest for the Orb.
     0 | D:1      | Reached XP level 1. HP: 10/10 MP: 6/6
   465 | D:1      | Reached XP level 2. HP: 13/15 MP: 5/8
   490 | D:1      | Learned a level 2 spell: Ensorcelled Hibernation
  1203 | D:2      | Reached XP level 3. HP: 14/19 MP: 0/9
  1208 | D:2      | Learned a level 3 spell: Confuse
  1315 | D:2      | Succumbed to an adder's poison

Vault maps used:
D:1:      roderic_crop_circles_arrival_small, minmay_cut_off
D:2:      nicolae_tso_carved_into_rock

Skill      XL: |  1  2 |
---------------+-------+-----
Stealth        | 4 |  4.0
Short Blades   | 2 |  2.1
Dodging        | |  2.4
Shields        | |  0.6
Spellcasting   | |  3.0
Hexes          | |  4.3

Action                   || total
-------------------------++-------
Melee: Dagger            ||    57
 Cast: Corona            ||     9
       Ensorcelled Hiber ||    12
       Confuse           ||     1
 Stab: Sleeping          ||     8
  Eat: Chunk             ||     2
Armor: Robe              ||    15
Dodge: Dodged            ||    60

Table legend:
 A = Spawn XP
 B = Non-spawn XP
 C = Spawn XP percentage of total XP
 D = Spawn monster count
 E = Non-spawn monster count
 F = Spawn count percentage of total count
 G = Total turns spent on level
                    A         B        C        D         E        F      G
               +---------+---------+-------+---------+---------+-------+---------
         Total |       0 |      44 |   0.0 |       0 |      16 |   0.0 |  1315
               +---------+---------+-------+---------+---------+-------+---------
           D:1 |       0 |      20 |   0.0 |       0 |      11 |   0.0 |  1071
           D:2 |       0 |      24 |   0.0 |       0 |       5 |   0.0 |   244
               +---------+---------+-------+---------+---------+-------+---------
